 Dungeon Crawl Stone Soup version 0.17-a0-2108-g65e8068 (webtiles) character file.

210 Ishikawa the Magician (level 5, -4/38 HPs)
             Began as a Mummy Wizard on Oct 19, 2015.
             Was an Initiate of Sif Muna.
             Killed by divine providence
             ... invoked by an orc priest
              (14 damage)
             ... on level 3 of the Dungeon.
             The game lasted 00:15:58 (3548 turns).

Ishikawa the Magician (Mummy Wizard)                Turns: 3548, Time: 00:15:58

Health: -4/38      AC:  2    Str: 11    XL:     5   Next: 57%
Magic:  1/11       EV: 12    Int: 18    God:    Sif Muna [......]
Gold:   202        SH:  0    Dex: 10    Spells: 4 memorised, 3 levels left

rFire  x . .     SeeInvis .     g - +0 club
rCold  + . .     Clarity  .     o - +0 robe
rNeg   + + +     SustAt   .     (no shield)
rPois  ∞         Gourm    .     b - +0 hat
rElec  .         Spirit   .     (no cloak)
rCorr  .         Warding  +     (no gloves)
rMut   .         Stasis   .     (no boots)
MR     .....                    k - amulet of warding
Stlth  ++........               (no ring)
                                (no ring)

@: not resistant to hostile enchantments, unstealthy
A: no food or potions, fire vulnerability, cold resistance 1, negative energy
resistance 3, torment resistance, unbreathing
a: Renounce Religion


You were on level 3 of the Dungeon.
You worshipped Sif Muna.
Sif Muna was noncommittal.
You were not hungry.

You visited 1 branch of the dungeon, and saw 4 of its levels.
You also visited: Sewer.

You collected 202 gold pieces.

Inventory:

Hand Weapons
 f - a +0 whip
 g - a +0 club (weapon)
Armour
 b - a +0 hat (worn)
 o - a +0 robe (worn)
Jewellery
 k - an amulet of warding (around neck)
Scrolls
 d - 3 scrolls of teleportation {unknown}
 e - 4 scrolls of identify {unknown}
 h - 3 scrolls of remove curse {unknown}
 i - a scroll of enchant armour {unknown}
 j - a scroll of enchant weapon {unknown}
 l - a scroll of amnesia {unknown}
 m - a scroll of immolation {unknown}
 n - a scroll of noise {unknown}
Books
 c - a book of Minor Magic

   Spells                             Type                      Level
   a - Magic Dart                     Conjuration                  1
   b - Blink                          Translocation                2
   c - Call Imp                       Summoning                    2
   d - Repel Missiles                 Charms/Air                   2
   e - Slow                           Hexes                        2
   f - Conjure Flame                  Conjuration/Fire             3
   g - Mephitic Cloud                 Conjuration/Poison/Air       3


   Skills:
 - Level 2.1 Fighting
 + Level 0.5 Armour
 - Level 1.5 Dodging
 - Level 1.5 Stealth
 + Level 4.0 Spellcasting
 + Level 2.1 Conjurations
 + Level 1.3 Summonings
   Level 0.7 Translocations
 + Level 0.1 Fire Magic
 + Level 1.0 Air Magic
 - Level 1.0 Poison Magic


You had 3 spell levels left.
You knew the following spells:

 Your Spells              Type           Power        Failure   Level  Hunger
a - Magic Dart            Conj           ##..         8%          1    N/A
b - Call Imp              Summ           #.......     14%         2    N/A
c - Mephitic Cloud        Conj/Pois/Air  #.......     30%         3    N/A
d - Conjure Flame         Conj/Fire      #.......     30%         3    N/A

Dungeon Overview and Level Annotations

Branches:
Dungeon (4/15)
 Temple: D:4-7

Altars:
Dithmenos
Elyvilon
Fedhas
Gozag
Nemelex Xobeh
Okawaru
Sif Muna


Innate Abilities, Weirdness & Mutations

You do not eat or drink.
Your flesh is vulnerable to fire.
You are immune to poison.
Your flesh is cold resistant.
You are immune to negative energy.
You are immune to unholy pain and torment.
You can survive without breathing.


Message History

The jackal appears confused.
There is a stone staircase leading up here.
You start resting.
The jackal bites you but does no damage.
You climb upwards.
The orc closely misses you.
There is a stone staircase leading down here.
Found 16 gold pieces.
Casting: Mephitic Cloud
Confirm with . or Enter, or press ? or * to list all spells.
A beastly little devil appears in a puff of frigid air.
The orc hits you with a club.
* * * LOW HITPOINT WARNING * * *
Something unseen opens the door.
Your white imp misses the orc.
The hobgoblin barely misses your white imp.
Your white imp misses the orc.
The orc priest looks braver for a moment.
The orc priest calls down the wrath of Beogh upon you.
Something smites you!
You die...

####### # #.....# # .
#.....# #.# #.....# #..
########.....# #..
#............####### #..
#..@.o5.o..>...###.#
...........?.##.........
..........g..'.........#
.............#####...#..
.............# #...#.#
.............#####.#.#.#
.............##...o#.#.#
......$......##....'.>.#
......##....#..##


You could see an orc priest, an orc, a hobgoblin and a friendly white imp.

Vanquished Creatures
  A gnoll shaman (D:3)
  A worker ant (D:3)
  2 adders (D:2)
  3 gnolls (D:3)
  A river rat (D:3)
  2 giant geckos (D:3)
  2 orcs (D:3)
  3 giant cockroaches
  10 goblins
  3 hobgoblins
  7 jackals
  5 kobolds (D:2)
  4 quokkas
  11 bats
  6 giant newts
  9 rats
70 creatures vanquished.

Vanquished Creatures (collateral kills)
  A worker ant (D:4)
  A river rat (D:3)
  4 adders
  2 worms
  An orc (D:4)
  A giant cockroach (D:3)
  2 jackals (D:3)
  A goblin (D:2)
13 creatures vanquished.

Grand Total: 83 creatures vanquished

Notes
Turn   | Place    | Note
--------------------------------------------------------------
     0 | D:1      | Ishikawa the Mummy Wizard began the quest for the Orb.
     0 | D:1      | Reached XP level 1. HP: 13/13 MP: 4/4
   168 | D:1      | Reached skill level 1 in Conjurations
   216 | D:1      | Reached skill level 1 in Fighting
   216 | D:1      | Reached XP level 2. HP: 11/21 MP: 3/6
   283 | D:1      | Learned a level 2 spell: Call Imp
   831 | D:2      | Found a sparkling altar of Nemelex Xobeh.
   843 | D:2      | Reached XP level 3. HP: 11/26 MP: 1/7
   856 | D:2      | Learned a level 3 spell: Mephitic Cloud
  1101 | D:2      | Found a deep blue altar of Sif Muna.
  1107 | D:2      | Became a worshipper of Sif Muna the Loreminder
  1393 | D:2      | Reached skill level 1 in Summonings
  1393 | D:2      | Reached XP level 4. HP: 19/33 MP: 4/9
  1465 | D:2      | Found a blossoming altar of Fedhas.
  2001 | D:3      | Found a white marble altar of Elyvilon.
  2004 | D:3      | Found a shadowy altar of Dithmenos.
  2007 | D:3      | Found an opulent altar of Gozag.
  2007 | D:3      | Found an iron altar of Okawaru.
  2393 | D:3      | Found a glowing drain.
  2424 | Sewer    | Entered a sewer
  2504 | Sewer    | Noticed a crocodile
  2647 | D:3      | Reached XP level 5. HP: 18/38 MP: 5/10
  2723 | D:3      | Reached skill level 1 in Poison Magic
  2742 | D:3      | Learned a level 3 spell: Conjure Flame
  3081 | D:3      | Reached skill level 4 in Spellcasting
  3081 | D:3      | Reached skill level 1 in Air Magic
  3481 | D:4      | Noticed an ogre
  3548 | D:3      | Killed from afar by an orc priest

Vault maps used:
D:1:      ncdulo_watergridlock
D:2:      wad_lake_hut, lemuel_coloured_pillars_altar,
          nicolae_overflow_crystal_walls, led_sif_pool
D:3:      wad_crossroads, grunt_temple_overflow_open, first_bread,
          gup_sewer_entry_bubbles
D:4:      cheibriados_altar_1, kennysheep_generic_room_2
Sewer:    sewer_big_baddie

Action                   |  1- 3 |  4- 6 || total
-------------------------+-------+-------++-------
Melee: Whip              |     4 |       ||     4
       Unarmed           |     3 |       ||     3
       Club              |    63 |   112 ||   175
 Cast: Magic Dart        |    68 |    46 ||   114
       Call Imp          |     3 |    21 ||    24
       Mephitic Cloud    |       |    12 ||    12
 Stab: Sleeping          |     2 |       ||     2
       Confused          |       |     5 ||     5
